 Dungeon Crawl Stone Soup version 0.15-a0-271-g6095dc6 (webtiles) character file.

147 PolkaDot the Caller (level 4, -1/27 (30) HPs)
             Began as a Vampire Summoner on Apr 28, 2014.
             Was an Initiate of Makhleb.
             Killed from afar by an orc wizard (6 damage)
             ... with a magic dart
             ... on Level 3 of the Dungeon.
             The game lasted 00:11:24 (3177 turns).

PolkaDot the Caller (Vampire Summoner)              Turns: 3177, Time: 00:11:24

HP  -1/27 (30)   AC  2     Str  7      XL: 4   Next:  2%
MP   0/7         EV 12     Int 17      God: Makhleb [......]
Gold 78          SH  0     Dex 14 (15) Spells:  2 memorised,  3 levels left

rFire  . . .     SeeInvis +     e - +0 dagger
rCold  . . .     Clarity  .     a - +0 robe
rNeg   + . .     Conserve .     (no shield)
rPois  .         rCorr    .     (no helmet)
rElec  .         rRot     .     (no cloak)
SustAb . .       Spirit   .     (no gloves)
rMut   .         Warding  .     (no boots)
Saprov . . .     Stasis   .     (no amulet)
MR     .....                    (no ring)
                                (no ring)

@: not resistant to hostile enchantments, stealthy
A: fangs 3, see invisible, unbreathing
a: Bat Form, Renounce Religion


You were on level 3 of the Dungeon.
You worshipped Makhleb.
Makhleb was noncommittal.
You were not thirsty.

You visited 1 branch of the dungeon, and saw 3 of its levels.

You collected 78 gold pieces.

Inventory:

Hand weapons
 e - a +0,+0 dagger (weapon)
Armour
 a - a +0 robe (worn)
Magical devices
 l - a wand of frost (13)
Scrolls
 c - 2 scrolls of identify {unknown}
 d - 3 scrolls of immolation {unknown}
 f - a scroll of amnesia {unknown}
 i - a scroll of fog {unknown}
 o - a scroll of enchant weapon II {unknown}
 p - 2 scrolls of recharging {unknown}
 r - 3 scrolls of random uselessness {unknown}
Potions
 h - a potion of mutation {!q}
 j - 3 potions of heal wounds {unknown}
 k - a potion of magic {unknown}
 m - a potion of poison {unknown}
 n - a potion of restore abilities {unknown}
 q - a potion of agility {unknown}
Books
 b - a book of Callings

   Spells                             Type                      Level
   *Summon Small Mammal               Summoning                    1
   Call Imp                           Summoning                    2
   *Call Canine Familiar              Summoning                    3
   Summon Guardian Golem              Hexes/Summoning              4
   Summon Lightning Spire             Summoning/Air                4
   Summon Ice Beast                   Ice/Summoning                4


   Skills:
 + Level 1.6 Short Blades
 - Level 2.1 Dodging
 + Level 4.2 Stealth
 - Level 2.0 Spellcasting
 * Level 4.9 Summonings


You had 3 spell levels left.
You knew the following spells:

 Your Spells              Type           Power        Failure   Level  Hunger
a - Summon Small Mammal   Summ           ###.         2%          1    #......
c - Call Canine Familiar  Summ           ###.....     10%         3    ####...


Dungeon Overview and Level Annotations

Branches:
Dungeon (3/15)

Altars:
Makhleb
Zin


Innate Abilities, Weirdness & Mutations

You have razor-sharp teeth.*
You have supernaturally acute eyesight.
You can survive without breathing.*


Message History

You bite the orc wizard, but do no damage.
Your hound bites the orc wizard but does no damage.
The orc wizard hits your quokka with a dagger.
Your quokka closely misses the orc wizard.
Your hound misses the orc wizard.
Casting: Summon Small Mammal
Confirm with . or Enter, or press ? or * to list all spells.
You don't have enough magic to cast that spell.
Drink which item? (? for menu, Esc to quit)
You feel extremely strange.
Your body decomposes!
* * * LOW HITPOINT WARNING * * *
Your body decomposes!
* * * LOW HITPOINT WARNING * * *
Your body decomposes!
You feel clumsy.
It was a potion of mutation.
The orc wizard points at you and mumbles some strange words.
The magic dart hits you!
You die...

##...#.##.### #..##.#............
#...#......###..##.#........#.##
#......>....##...............#.##
#............................#.#
.#..#.#######...............#.##
..#.# #...............#... #
#........###.####...
#####........###.####...
..............(..........
##.h@r....###.####...
#.#o###.........#...
!##.###.#o###.<....(..#...
.......).o............#...
......o...###.........#...
.......### #.........#... .......
#.....>...#.## .......
.......[.... ...... #.......
###.. ######


You could see an orc wizard, 2 orcs, a friendly hound and a friendly quokka.

Vanquished Creatures
  A worm (D:2)
  An ooze (D:3)
  2 orcs (D:3)
  7 goblins
  3 hobgoblins
  2 jackals (D:3)
  3 kobolds
  A quokka (D:3)
  3 giant newts
  5 rats
28 creatures vanquished.

Vanquished Creatures (collateral kills)
  3 adders
  A worm (D:2)
  2 giant geckos
  2 hobgoblins
  A jackal (D:3)
  2 bats
11 creatures vanquished.

Vanquished Creatures (others)
  A bat (D:1)
  A quokka (D:3)
  2 rats (D:3)
4 creatures vanquished.

Grand Total: 43 creatures vanquished

Notes
Turn   | Place    | Note
--------------------------------------------------------------
     0 | D:1      | PolkaDot, the Vampire Summoner, began the quest for the Orb.
     0 | D:1      | Reached XP level 1. HP: 13/13 MP: 3/3
   722 | D:1      | Reached XP level 2. HP: 19/19 MP: 4/4
  1647 | D:2      | Reached skill level 1 in Short Blades
  1783 | D:2      | Reached XP level 3. HP: 21/24 MP: 3/6
  1888 | D:2      | Found a glowing silver altar of Zin.
  2301 | D:2      | Found a burning altar of Makhleb.
  2301 | D:2      | Noticed a balrug
  2304 | D:2      | Noticed an orange demon
  2304 | D:2      | Noticed a smoke demon
  2379 | D:2      | Became a worshipper of Makhleb the Destroyer
  3073 | D:3      | Learned a level 3 spell: Call Canine Familiar
  3169 | D:3      | HP: 1/24 [poisoned by an adder]
  3175 | D:3      | Reached XP level 4. HP: 11/30 MP: 0/7
  3177 | D:3      | Killed from afar by an orc wizard

Action                   |  1- 3 |  4- 6 || total
-------------------------+-------+-------++-------
Melee: Dagger            |   132 |     1 ||   133
       Unarmed           |     4 |       ||     4
 Cast: Summon Small Mamm |    39 |       ||    39
       Call Canine Famil |     1 |       ||     1
Evoke: Wand              |     1 |       ||     1
  Use: Potion            |     6 |     1 ||     7
 Stab: Sleeping          |    11 |       ||    11
       Distracted        |     1 |       ||     1
